 Dungeon Crawl Stone Soup version 0.31-a0-846-gb3bcc0d938 (webtiles) character file.

Game seed: 5135216680265319780

400 lunkers the Ruffian (level 7, 0/78 HPs)
             Began as a Meteoran Shapeshifter on Oct 3, 2023.
             Splashed by a jelly's acid (2 damage)
             ... on level 5 of the Dungeon.
             The game lasted 00:05:17 (1659 turns).

lunkers the Ruffian (Meteoran Shapeshifter)         Turns: 1659, Time: 00:05:18

Health: 0/78       AC: 11    Str: 16    XL:     7   Next: 33%
Magic:  8/8        EV:  2    Int: 15    God:
Gold:   210        SH:  0    Dex: 15    Spells: 6/6 levels left

rFire   . .          .
                       - Unarmed
rCold   . . .        (no shield)
rNeg    . . .        r - melded +3 scale mail
rPois   +            (helmet currently unavailable)
rElec   .            (cloak currently unavailable)
rCorr   .            (gloves currently unavailable)
SInv    +            (boots currently unavailable)
Will    .....        (no amulet)
Stlth   +            o - ring "Xigiyr" {Int+3 SInv}
HPRegen 0.33/turn    (no ring)
MPRegen 0.11/turn

%: no passive effects
@: tree-form, corroded, glowing
A: stationary, stasis, torment immunity, boosted hp, sense surroundings 1,
otherworldly, glowing, explore regen
a: no special abilities


You were on level 5 of the Dungeon.
You were a tree.
You visited 1 branch of the dungeon, and saw 5 of its levels.

You collected 210 gold pieces.

Inventory:

Armour
 j - a +0 cloak
 r - a +3 scale mail (melded)
Jewellery
 i - an amulet of faith
 o - the ring "Xigiyr" (left branch) {Int+3 SInv}
   (You found it on level 2 of the Dungeon)

   [ring of see invisible]

   Int+3:     It affects your intelligence (+3).
   SInv:      It lets you see invisible.
Talismans
 c - a beast talisman
 d - a flux talisman
Scrolls
 e - a scroll of teleportation {unknown}
 f - 2 scrolls of noise {unknown}
 g - 2 scrolls of blinking {unknown}
 h - 3 scrolls of vulnerability {unknown}
 k - 2 scrolls of poison {unknown}
 n - 2 scrolls of identify {unknown}
 p - 2 scrolls of revelation {unknown}
 q - a scroll of fog {unknown}
Potions
 a - 2 potions of might {unknown}
 b - a potion of lignification
 l - 2 potions of curing {unknown}
 m - a potion of attraction {unknown}
 s - a potion of haste {unknown}


   Skills:
 - Level 1.1 Fighting
 - Level 2.1 Dodging
 * Level 7.6 Unarmed Combat
 + Level 5.6 Shapeshifting


You had 6 spell levels left.
You didn't know any spells.
Your spell library contained the following spells:

 Spells                   Type           Power      Damage    Failure   Level
 Slow                     Hex            0%         N/A       26%         1
 Confusing Touch          Hex            0%         N/A       63%         3
 Sigil of Binding         Hex            0%         N/A       63%         3
 Vampiric Draining        Necr           0%         2d6       63%         3


Dungeon Overview and Level Annotations

Branches:
Dungeon (5/15) Zot: 1361
 Temple: D:4-7

Altars:
Nemelex Xobeh
Wu Jian


Innate Abilities, Weirdness & Mutations

You are a tree.
Your roots penetrate the ground, keeping you stationary.
You cannot be teleported.
You are immune to unholy pain and torment.
Your maximum health is greatly increased.
Your equipment is partially melded.
You passively map a small area around you.
You are easily found by Zot.
You glow in the dark.
You regain HP and MP as you explore.


Message History

The jelly closely misses you.
You hit the jelly. The acid corrodes you!
Your hands burn!
The jelly is severely wounded.
The jelly hits you.
You are splashed with acid!
* * * LOW HITPOINT WARNING * * *
You hit the jelly. The acid corrodes you!
Your hands burn!
* * * LOW HITPOINT WARNING * * *
The jelly is severely wounded.
The jelly hits you.
* * * LOW HITPOINT WARNING * * *
You are splashed with acid!
* * * LOW HITPOINT WARNING * * *
Okay, then.
There is an open door here.
Okay, then.
Your transformation has ended.
You turn into a tree.
Your +3 scale mail melds into your body.
Your roots penetrate the ground.
The jelly hits you but does no damage.
You hit the jelly but do no damage.
Your branches burn!
* * * LOW HITPOINT WARNING * * *
You punch the jelly, but do no damage.
The jelly is severely wounded.
The jelly hits you but does no damage.
You hit the jelly but do no damage.
Your branches burn!
* * * LOW HITPOINT WARNING * * *
The jelly is severely wounded.
You hit the jelly.
Your branches burn!
* * * LOW HITPOINT WARNING * * *
The jelly is severely wounded.
The jelly hits you.
* * * LOW HITPOINT WARNING * * *
You are splashed with acid!
* * * LOW HITPOINT WARNING * * *
You hit the jelly.
Your branches burn!
* * * LOW HITPOINT WARNING * * *
The jelly is almost dead.
The jelly hits you but does no damage.
You hit the jelly but do no damage.
Your branches burn!
You die...

#........##....≈#
*#
#........##≈≈≈≈≈#
*,
#........#######+*
#..>.....# * ,
#........# ,,
####'##### , , #.#
, , #.#
#♣#########
#J#.......#
#.'.......#,
###.......# ,,
#.......# ,
#......... ,,
#?........ , *
#####..... ,,,
....#


You could see a jelly.

Vanquished Creatures
  A black bear (D:5)
  A bullfrog (D:5)
  A scorpion (D:5)
  3 gnolls (D:3)
  6 adders
  2 dart slugs
  9 orcs
  2 ball pythons
  9 endoplasms
  3 giant cockroaches
  10 goblins
  7 hobgoblins
  7 jackals
  2 quokkas
  5 bats
  2 frilled lizards
  14 kobolds
  3 rats
87 creatures vanquished.

Notes
Turn   | Place    | Note
-------+----------+-------------------------------------------
     0 | D:1      | lunkers the Meteoran Shapeshifter began the quest for the
                  | Orb.
     0 | D:1      | Reached XP level 1. HP: 16/16 MP: 2/2
    43 | D:1      | Reached XP level 2. HP: 17/23 MP: 3/3
    54 | D:1      | Reached skill level 4 in Unarmed Combat
   196 | D:1      | Reached XP level 3. HP: 19/28 MP: 4/4
   384 | D:2      | Reached skill level 5 in Unarmed Combat
   384 | D:2      | Reached XP level 4. HP: 19/35 MP: 5/5
   547 | D:2      | Identified the ring "Xigiyr" {Int+3 SInv}
   605 | D:3      | Reached XP level 5. HP: 40/40 MP: 6/6
   877 | D:3      | Reached skill level 6 in Unarmed Combat
   987 | D:3      | Found a sparkling altar of Nemelex Xobeh.
  1165 | D:4      | Reached XP level 6. HP: 42/47 MP: 7/7
  1298 | D:4      | Found an ornate altar of the Wu Jian Council.
  1503 | D:5      | Entered Level 5 of the Dungeon
  1538 | D:5      | Reached skill level 5 in Shapeshifting
  1555 | D:5      | Noticed a black bear
  1563 | D:5      | Reached skill level 7 in Unarmed Combat
  1563 | D:5      | Reached XP level 7. HP: 48/52 MP: 8/8
  1658 | D:5      | HP: 2/78 [acid (3)]
  1659 | D:5      | Splashed by a jelly's acid

Illustrated notes

Levels and vault maps discovered:
D:1:      giann_bridges, layout_basic, st_stairs_5,
          chequers_serial_rivers_micro_b, minmay_pentomino_t4
D:2:      layout_rooms
D:3:      layout_rooms, nemelex_altar_shiori
D:4:      layout_basic, old_standard_altar
D:5:      layout_basic, lemuel_doored_altar, eat_drink_and_be_merry_uskayaw,
          mainiacjoe_overflow_tiny_flanked, serial_rivers,
          chequers_serial_rivers_room_a, chequers_serial_rivers_micro_b,
          chequers_serial_rivers_micro_c, chequers_serial_rivers_marsh,
          chequers_serial_rivers_room_b

Skill      XL: |  1  2  3  4  5  6 |
---------------+-------------------+-----
Unarmed Combat | 4 5 6 7 |  7.6
Shapeshifting  | 4 5 |  5.6
Fighting       | |  1.1
Dodging        | |  2.1

Action                     |  1- 3 |  4- 6 |  7- 9 || total
---------------------------+-------+-------+-------++-------
  Melee: Unarmed           |    84 |   138 |    20 ||   242
         Punch             |       |     2 |     2 ||     4
    Use: Potion            |       |       |     1 ||     1
 Armour: Animal skin       |    18 |       |       ||    18
         Ring mail         |    26 |    40 |       ||    66
         Scale mail        |       |    52 |    19 ||    71
         Skin              |       |       |     4 ||     4
  Dodge: Dodged            |    40 |    70 |    11 ||   121

Table legend: (Time is in decaauts)
 A = Elapsed time spent in this place.
 B = Non-inter-level travel time spent in this place.
 C = Inter-level travel time spent in this place.
 D = Time resting spent in this place.
 E = Time spent auto-exploring this place.
 F = Levels seen in this place.
 G = Mean time per level.
                   A        B        C        D        E       F      G
               +--------+--------+--------+--------+--------+-----+--------+
         Total |   1638 |   1623 |     15 |      0 |    990 |   5 |  327.6 |
       Dungeon |   1638 |   1623 |     15 |      0 |    990 |   5 |  327.6 |
               +--------+--------+--------+--------+--------+-----+--------+

Top non-repeatable levels by time:
     D:3: 465 daAuts
     D:4: 379 daAuts
     D:2: 326 daAuts
     D:1: 312 daAuts
     D:5: 155 daAuts
